Map: 大气2000-天梯版

Players

Has

  • Race: Protoss Protoss
  • League: Diamond

Cyan - Winner!

  • Race: Protoss Protoss

Event: IEM Katowice 2022

VOD

Have the link to the VOD?

Description

Time

  • Played on: Feb. 23, 2022, 5:34 a.m.
  • Length: 5:28

All games in this series

Show
View Real Time Build Order
Export as new Build Order

Has Protoss 

Build Orders:  

Get SALT Encoding   

  12  0:00  Probe  
  13  0:13  Probe  
  14  0:25  Probe  
  14  0:27  Pylon  
  15  0:45  Gateway, Probe (Chrono Boost)  
  16  0:55  Probe (Chrono Boost)  
  16  0:57  Assimilator  
  17  1:00  Probe (Chrono Boost)  
  18  1:05  Assimilator  
  18  1:09  Pylon  
  18  1:11  Probe  
  18  1:12  Pylon  
  19  1:23  Probe  
  20  1:34  Cybernetics Core  
  20  1:35  Probe  
  23  1:47  Probe  
  22  1:59  Probe  
  23  2:08  Adept (Chrono Boost)  
  23  2:11  Stargate  
  23  2:12  Probe, Warp Gate  
  26  2:24  Probe  
  27  2:33  Adept  
  27  2:34  Pylon  
  29  2:49  Shield Battery  
  30  2:54  Void Ray (Chrono Boost)  
  29  2:59  Gateway  
  29  3:00  Gateway  
  29  3:05  Probe  
  30  3:30  Pylon  
  29  3:36  Void Ray (Chrono Boost)  
  31  3:50  Pylon  
  31  3:51  Probe  
  32  4:01  Adept x2  
  36  4:03  Probe  
  37  4:19  Oracle (Chrono Boost)  
  40  4:32  Nexus  
  40  4:42  Probe  
  40  4:44  Pylon  
  42  5:09  Probe  
Show
View Real Time Build Order
Export as new Build Order

Cyan Protoss - Winner!

Build Orders: Blink Stalkers, Dark Templar Rush 

Get SALT Encoding   

  12  0:00  Probe  
  13  0:12  Probe  
  14  0:17  Pylon  
  14  0:24  Probe (Chrono Boost)  
  15  0:36  Probe (Chrono Boost)  
  15  0:37  Gateway  
  16  0:44  Probe (Chrono Boost)  
  16  0:46  Assimilator  
  17  0:51  Probe  
  17  0:54  Assimilator  
  18  1:03  Probe (Chrono Boost)  
  19  1:07  Gateway  
  19  1:13  Probe (Chrono Boost)  
  19  1:18  Probe (Chrono Boost)  
  20  1:24  Cybernetics Core  
  22  1:35  Pylon  
  22  1:37  Zealot  
  23  1:53  Probe  
  24  2:00  Stalker  
  24  2:01  Warp Gate  
  26  2:04  Adept  
  26  2:07  Probe  
  29  2:15  Pylon  
  29  2:20  Probe  
  30  2:26  Twilight Council  
  30  2:32  Probe  
  31  2:40  Stalker  
  31  2:44  Stalker  
  34  3:02  Shield Battery  
  34  3:04  Probe  
  35  3:16  Shield Battery  
  35  3:22  Dark Shrine  
  33  3:27  Pylon, Gateway  
  33  3:36  Shield Battery  
  33  3:40  Blink (Chrono Boost)  
  33  3:49  Adept x2  
  37  4:15  Nexus  
  37  4:22  Stalker  
  40  4:27  Pylon  
  40  4:35  Dark Templar  
  41  4:42  Probe  
  41  4:44  Dark Templar  
  44  4:48  Shield Battery  
  44  4:54  Probe  
  45  5:08  Dark Templar  
  45  5:17  Shield Battery  
  45  5:19  Adept x2  

Tags
 
Add a new tag
Caveats
  • Supply blocks, unpowered buildings, or Contaminate may cause inaccurate times.
  • Supply counts are checked every 10 seconds.